Match 26868365
Unlisted

Match 26868365
End
Selects Airborne Battlegroup
Selects Heavy Machine Gun Paradrop
Heavy Machine Gun Paradrop
Construct Barracks
Riflemen Squad
Riflemen Squad
Grenade Package
Heavy Machine Gun Paradrop
Selects Paratrooper Squad Paradrop
Mechanized Support Center
Paratrooper Squad Paradrop
Construct Medical Station
M1918 Browning Automatic Rifles
Designate Forward Repair Station
Selects Anti-tank Gun Team Paradrop
Construct Tank Depot
Anti-tank Gun Team Paradrop
M4A1 Sherman Medium Tank
M4A1 76mm Conversion
Selects Recon Loiter
Selects Supply Drop
Recon Loiter
Engineer Squad
PLECHU
tjsejzfntm
zTheTiTaNz
Balboa
Jun Beg
TidaL
Aaasam
d5h912
0
0

Comments sign in to comment!

No comments posted yet!